 Dungeon Crawl Stone Soup version 0.29-a0-284-gf9362112df (webtiles) character file.

Game seed: 11666316831444296228

214 gzilladon the Sneak (level 5, -2/23 (25) HPs)
             Began as a Spriggan Enchanter on Mar 24, 2022.
             Was a Follower of Makhleb.
             Slain by a black bear (3 damage)
             ... on level 4 of the Dungeon.
             The game lasted 00:19:29 (4001 turns).

gzilladon the Sneak (Spriggan Enchanter)            Turns: 4001, Time: 00:19:31

HP:   -2/23 (25)    AC:  3    Str:  4    XL:     5   Next: 59%
MP:   10/10         EV: 18    Int: 17    God:    Makhleb [*.....]
Gold: 162           SH:  0    Dex: 17    Spells: 5/10 levels left

rFire   . . .      SeeInvis +   e - +0 dagger (venom)
rCold   . . .      Faith    .   (no shield)
rNeg    . . .      Spirit   .   b - +1 robe
rPois   .          Reflect  .   (helmet restricted)
rElec   .          Harm     .   (no cloak)
rCorr   .          Rampage  .   (gloves unavailable)
Will    .....                   (boots unavailable)
Stlth   ++++......              (no amulet)
HPRegen 0.07/turn               (no ring)
MPRegen 0.12/turn               (no ring)

@: drained, very quick
A: very small, no large weapons, unfitting armour, see invisible, speed 3
a: Renounce Religion


You were on level 4 of the Dungeon.
You worshipped Makhleb.
Makhleb was aware of your devotion.
You visited 1 branch of the dungeon, and saw 4 of its levels.

You collected 162 gold pieces.

Inventory:

Hand Weapons
 a - a +1 dagger
 c - a +3 short sword
 e - a +0 dagger of venom (weapon)
Missiles
 d - 2 poisoned darts (quivered)
 g - 89 stones
 p - 6 javelins
Armour
 b - a +1 robe (worn)
Scrolls
 l - 3 scrolls of enchant armour
 m - 2 scrolls of identify
 o - a scroll of immolation {unknown}
Potions
 f - a potion of haste {unknown}
 h - a potion of resistance {unknown}
 i - 2 potions of curing {unknown}
 j - a potion of flight {unknown}
 k - a potion of degeneration
 n - a potion of magic {unknown}
 q - a potion of brilliance {unknown}


   Skills:
 + Level 1.0 Fighting
 + Level 2.7 Short Blades
 - Level 0.2 Throwing
 + Level 4.1 Dodging
 * Level 6.6 Stealth
 + Level 3.1 Spellcasting
 + Level 4.4 Hexes


You had 5 spell levels left.
You knew the following spells:

 Your Spells              Type           Power      Damage    Failure   Level
a - Confusing Touch       Hex            17%        N/A       9%          3
b - Ensorcelled Hibernat  Hex/Ice        20%        N/A       11%         2

Your spell library contained the following spells:

 Spells                   Type           Power      Damage    Failure   Level
 Tukima's Dance           Hex            17%        N/A       9%          3
 Dazzling Flash           Conj/Hex       20%        N/A       21%         3
 Leda's Liquefaction      Hex/Erth       5%         N/A       56%         4
 Lee's Rapid Deconstruct  Erth           1%         3d5*      99%         5
 Statue Form              Tmut/Erth      1%         N/A       100%        6


Dungeon Overview and Level Annotations

Branches:
Dungeon (4/15)
 Temple: D:4-7

Altars:
Makhleb

Annotations:
D:2 Sigmund
D:3 Robin


Innate Abilities, Weirdness & Mutations

You are very small and have problems with some larger weapons.
You are too small for most types of armour.
You have supernaturally acute eyesight. (SInv)
You cover ground extremely quickly. (Speed+++)


Message History

You barely miss the gnoll.
The gnoll is heavily wounded.
A black bear comes into view.
The gnoll hits you with a +0 spear.
The black bear growls angrily.
You hit the gnoll.
The gnoll looks as sick as possible!
The gnoll is severely wounded.
The gnoll hits you with a +0 spear.
You kill the gnoll!
Makhleb accepts your kill.
You hit the necrophage.
The necrophage is lightly damaged.
The necrophage hits you.
You feel drained.
You hit the necrophage but do no damage.
The necrophage is lightly damaged.
You hit the necrophage but do no damage.
The necrophage is lightly damaged.
The necrophage hits you.
* * * LOW HITPOINT WARNING * * *
You barely miss the necrophage.
The necrophage is lightly damaged.
The necrophage hits you.
* * * LOW HITPOINT WARNING * * *
You hit the black bear.
The black bear is poisoned.
The black bear is lightly wounded.
The necrophage barely misses you. The black bear completely misses you.
The black bear claws you but does no damage.
The black bear barely misses you.
You hit the black bear but do no damage.
The black bear looks as sick as possible!
The black bear is lightly wounded.
The necrophage barely misses you.
The black bear completely misses you. x2
The black bear closely misses you.
You hit the black bear.
The black bear looks as sick as possible!
The black bear is moderately wounded.
The necrophage completely misses you. The black bear bites you.
* * * LOW HITPOINT WARNING * * *
The black bear barely misses you. The black bear claws you.
You die...

....?........###.#
.##......!K........
.........n........
##................
###.####......... #.#
#......... #..######
##.####.........
#.......###..........#....
#.h@nK.....(...#....
#####...............
#..........#....
#..........#....
#..........#<...
####.......<####
.............
#.......(.#### #.......#


You could see a black bear (extremely poisoned), a necrophage and a kobold.

Vanquished Creatures
  An orc priest (D:3)
  Natasha (thrice) (D:2)
  3 gnolls
  2 adders (D:3)
  An adder skeleton (D:3)
  2 worms
  A dart slug (D:2)
  3 orcs (D:3)
  4 bats
  4 endoplasms
  2 giant cockroaches
  4 goblins
  A hobgoblin (D:4)
  8 kobolds
  3 quokkas
  5 ball pythons
  A ball python zombie (D:3)
  5 frilled lizards
  6 rats
59 creatures vanquished.

Vanquished Creatures (others)
  A giant cockroach (D:4)
  A withered plant (D:3)
2 creatures vanquished.

Grand Total: 61 creatures vanquished

Notes
Turn   | Place    | Note
-------+----------+-------------------------------------------
     0 | D:1      | gzilladon the Spriggan Enchanter began the quest for the
                  | Orb.
     0 | D:1      | Reached XP level 1. HP: 9/9 MP: 5/5
   137 | D:1      | Reached XP level 2. HP: 13/13 MP: 6/6
   594 | D:1      | Reached skill level 5 in Stealth
  1145 | D:2      | Noticed Natasha
  1153 | D:2      | Killed Natasha
  1154 | D:2      | Reached XP level 3. HP: 16/16 MP: 8/8
  1182 | D:2      | Noticed Natasha
  1195 | D:2      | Killed Natasha
  1196 | D:2      | Reached XP level 4. HP: 11/21 MP: 9/9
  1207 | D:2      | Noticed Natasha
  1380 | D:2      | Killed Natasha
  1584 | D:2      | Noticed Sigmund
  1681 | D:1      | Learned a level 3 spell: Confusing Touch
  1695 | D:1      | Learned a level 2 spell: Ensorcelled Hibernation
  2110 | D:2      | Reached skill level 6 in Stealth
  2574 | D:3      | Found a faded altar of an unknown god.
  2592 | D:3      | Prayed at the altar of an unknown god.
  2592 | D:3      | Became a worshipper of Makhleb the Destroyer
  2592 | D:3      | Reached * piety under Makhleb
  2639 | D:3      | Reached XP level 5. HP: 18/25 MP: 10/10
  3531 | D:3      | Noticed Robin
  3987 | D:4      | Reached skill level 1 in Fighting
  3991 | D:4      | Noticed a black bear
  4001 | D:4      | HP: 1/23 [black bear (1)]
  4001 | D:4      | Slain by a black bear

Illustrated notes

Levels and vault maps discovered:
D:1:      wander_arrival_estate, layout_rooms, minmay_pentomino_q2
D:2:      layout_basic, uniq_sigmund, uniq_natasha
D:3:      layout_basic, nicolae_ecumenical_lake_church, serial_undead,
          serial_undead_c, serial_undead_d, serial_undead_c, serial_undead_f,
          serial_undead_d, minmay_parallelograms, nicolae_wormholes, uniq_robin
D:4:      layout_rooms

Skill      XL: |  1  2  3  4  5 |
---------------+----------------+-----
Spellcasting   | 3 |  3.1
Hexes          | 4 |  4.4
Stealth        | 5 6 |  6.6
Dodging        | 3 4 |  4.1
Short Blades   | 2 |  2.7
Fighting       | 1 |  1.0
Throwing       | |  0.2

Action                   |  1- 3 |  4- 6 || total
-------------------------+-------+-------++-------
Melee: Dagger            |    71 |   129 ||   200
       Punch             |     1 |     2 ||     3
Throw: Dart              |       |     4 ||     4
  Use: Scroll            |     4 |     1 ||     5
       Potion            |       |     2 ||     2
 Stab: Sleeping          |     9 |     4 ||    13
Armor: Robe              |    13 |    11 ||    24
Dodge: Dodged            |    49 |    99 ||   148

Table legend: (Time is in decaauts)
 A = Elapsed time spent in this place.
 B = Non-inter-level travel time spent in this place.
 C = Inter-level travel time spent in this place.
 D = Time resting spent in this place.
 E = Time spent auto-exploring this place.
 F = Levels seen in this place.
 G = Mean time per level.
                   A        B        C        D        E       F      G
               +--------+--------+--------+--------+--------+-----+--------+
         Total |   3072 |   3057 |     15 |   1325 |      0 |   4 |  768.0 |
       Dungeon |   3072 |   3057 |     15 |   1325 |      0 |   4 |  768.0 |
               +--------+--------+--------+--------+--------+-----+--------+

Top non-repeatable levels by time:
     D:1: 1172 daAuts
     D:3: 1148 daAuts
     D:2: 648 daAuts
     D:4: 103 daAuts
